General information
- name: BNet
- type: Ladder team game (AT/RT)
- host: Battle.net
- saver: Siegebreaker
map: Deadlock
- players: 8
- length: 50:18
- speed: Fast
- version: 1.26 W3XP
- replay type: Public
» download(354 KB)
Players
team 1 (winner)
rotten_teeth (
green | 33 APM | 1636 actions | 50:17)
9 Dark Ranger
3 Black Arrow
3 Silence
1 Charm
2 Life Drain
1 Death Knight
1 Death Coil
» actions
| Assign group hotkey | 15 | |
| Basic commands | 67 | |
| Build / train | 63 | |
| Enter build submenu | 24 | |
| Enter hero's abilities submenu | 11 | |
| Right click | 562 | |
| Select / deselect | 481 | |
| Select group hotkey | 357 | |
| Use ability | 53 | |
1636 total
» units
| Acolyte | 8 | |
| Ghoul | 4 | |
| Crypt Fiend | 7 | |
| Razormane Medicine Man | 2 | |
| Frost Wyrm | 8 | |
| Troll Witch Doctor | 2 | |
| Shaman | 2 | |
33 total
» upgrades
| Creature Attack | 3 | |
| Creature Carapace | 3 | |
| Web | 1 | |
| Freezing Breath | 1 | |
| Witch Doctor Training | 1 | |
| Berserker Upgrade | 1 | |
10 total
» buildings
| Ziggurat | 13 | |
| Crypt | 1 | |
| Altar of Darkness | 1 | |
| Graveyard | 2 | |
| Nerubian Tower | 1 | |
| Halls of the Dead | 1 | |
| Black Citadel | 1 | |
| Sacrificial Pit | 1 | |
| Boneyard | 3 | |
| Necropolis | 1 | |
25 total
» build order
00:10 Ziggurat
00:15 Crypt
00:36 Altar of Darkness
01:00 Graveyard
01:32 Ziggurat
02:02 Nerubian Tower
03:04 Ziggurat
05:37 Ziggurat
06:01 Halls of the Dead
07:26 Ziggurat
08:39 Black Citadel
09:12 Sacrificial Pit
09:27 Graveyard
10:23 Ziggurat
11:30 Boneyard
11:35 Boneyard
11:43 Boneyard
11:48 Ziggurat
13:01 Ziggurat
13:04 Ziggurat
33:05 Necropolis
34:42 Ziggurat
34:44 Ziggurat
34:47 Ziggurat
34:50 Ziggurat
» items
| Periapt of Vitality | 1 | |
| Scroll of Town Portal | 2 | |
| Scroll of Healing | 1 | |
| Potion of Invisibility | 1 | |
5 total
kieraniznoob2 (
purple | 148 APM | 5090 actions | 34:20)
6 Death Knight
3 Death Coil
3 Unholy Aura
5 Lich
3 Frost Nova
2 Dark Ritual
1 Crypt Lord
1 Impale
2 Blademaster
1 Critical Strike
1 Bladestorm
» actions
| Assign group hotkey | 495 | |
| Basic commands | 59 | |
| Build / train | 65 | |
| ESC pressed | 2 | |
| Enter build submenu | 14 | |
| Enter hero's abilities submenu | 15 | |
| Give item / drop item | 2 | |
| Right click | 1959 | |
| Select / deselect | 551 | |
| Select group hotkey | 1810 | |
| Use ability | 118 | |
5090 total
» units
| Acolyte | 7 | |
| Ghoul | 2 | |
| Crypt Fiend | 11 | |
| Obsidian Statue | 7 | |
27 total
» upgrades
| Backpack | 1 | |
| Burrow | 1 | |
| Web | 1 | |
| Creature Attack | 2 | |
| Destroyer Form | 1 | |
| Creature Carapace | 2 | |
8 total
» buildings
| Graveyard | 1 | |
| Crypt | 1 | |
| Ziggurat | 6 | |
| Altar of Darkness | 1 | |
| Tomb of Relics | 1 | |
| Halls of the Dead | 1 | |
| Slaughterhouse | 1 | |
| Black Citadel | 1 | |
| Sacrificial Pit | 1 | |
14 total
» build order
00:26 Graveyard
00:30 Crypt
00:44 Ziggurat
01:02 Altar of Darkness
01:54 Tomb of Relics
02:04 Ziggurat
04:28 Halls of the Dead
04:31 Ziggurat
07:18 Slaughterhouse
07:25 Ziggurat
10:31 Black Citadel
15:14 Ziggurat
15:28 Sacrificial Pit
20:26 Ziggurat
» items
| Rod of Necromancy | 5 | |
| Potion of Healing | 1 | |
| Scroll of Town Portal | 2 | |
| Orb of Corruption | 1 | |
| Dust of Appearance | 1 | |
10 total

»
jankity (
orange | 26 APM | 793 actions | 30:25)
4 Blademaster
2 Wind Walk
2 Critical Strike
» actions
| Assign group hotkey | 4 | |
| Basic commands | 16 | |
| Build / train | 81 | |
| Enter build submenu | 33 | |
| Enter hero's abilities submenu | 4 | |
| Remove unit from queue | 3 | |
| Right click | 330 | |
| Select / deselect | 278 | |
| Select group hotkey | 4 | |
| Use ability | 40 | |
793 total
» units
| Peon | 21 | |
| Grunt | 7 | |
| Shaman | 12 | |
| Tauren | 4 | |
| Troll Headhunter/Berserker | 8 | |
| Troll Witch Doctor | 1 | |
53 total
» upgrades
| Melee Weapons | 3 | |
| Armor | 3 | |
| Spiked Barricades | 3 | |
| Berserker Strength | 1 | |
| Shaman Training | 2 | |
| Pulverize | 1 | |
| Reinforced Defenses | 1 | |
| Witch Doctor Training | 1 | |
15 total
» buildings
| Altar of Storms | 1 | |
| Orc Burrow | 10 | |
| Barracks | 1 | |
| War Mill | 1 | |
| Voodoo Lounge | 1 | |
| Great Hall | 2 | |
| Stronghold | 1 | |
| Fortress | 1 | |
| Spirit Lodge | 2 | |
| Tauren Totem | 4 | |
| Watch Tower | 5 | |
29 total
» build order
00:09 Altar of Storms
00:25 Orc Burrow
01:20 Barracks
01:29 Orc Burrow
02:25 Orc Burrow
02:37 War Mill
03:32 Orc Burrow
04:19 Voodoo Lounge
05:20 Orc Burrow
06:14 Great Hall
06:42 Orc Burrow
07:36 Stronghold
10:12 Fortress
10:21 Spirit Lodge
11:07 Spirit Lodge
12:40 Tauren Totem
12:48 Tauren Totem
14:06 Tauren Totem
14:43 Tauren Totem
17:18 Orc Burrow
17:22 Orc Burrow
23:06 Watch Tower
23:10 Watch Tower
23:14 Watch Tower
23:19 Watch Tower
23:24 Watch Tower
26:21 Great Hall
27:43 Orc Burrow
27:47 Orc Burrow
» items
| Healing Salve | 2 | |
| Potion of Healing | 1 | |
3 total
TheDragonsHoard (
pink | 79 APM | 3965 actions | 50:12)
8 Blademaster
3 Wind Walk
3 Critical Strike
1 Bladestorm
1 Mirror Image
» actions
| Assign group hotkey | 279 | |
| Basic commands | 351 | |
| Build / train | 88 | |
| Enter build submenu | 46 | |
| Enter hero's abilities submenu | 8 | |
| Give item / drop item | 16 | |
| Remove unit from queue | 3 | |
| Right click | 1374 | |
| Select / deselect | 455 | |
| Select group hotkey | 1225 | |
| Use ability | 119 | |
3965 total
» units
| Peon | 16 | |
| Grunt | 5 | |
| Wind Rider | 11 | |
| Troll Batrider | 9 | |
41 total
» upgrades
| Ranged Weapons | 3 | |
| Armor | 3 | |
| Troll Regeneration | 1 | |
| Liquid Fire | 1 | |
| Reinforced Defenses | 1 | |
| Envenomed Spears | 1 | |
10 total
» buildings
| Orc Burrow | 6 | |
| Altar of Storms | 1 | |
| Barracks | 1 | |
| Voodoo Lounge | 1 | |
| Stronghold | 1 | |
| Great Hall | 3 | |
| War Mill | 2 | |
| Beastiary | 3 | |
| Watch Tower | 32 | |
| Fortress | 1 | |
51 total
» build order
00:15 Orc Burrow
00:37 Altar of Storms
00:51 Barracks
01:28 Orc Burrow
02:06 Voodoo Lounge
02:53 Stronghold
04:44 Great Hall
04:56 War Mill
04:58 Orc Burrow
06:21 Beastiary
06:22 Beastiary
06:36 Watch Tower
06:39 Watch Tower
06:43 Watch Tower
11:07 Orc Burrow
11:08 Orc Burrow
11:09 Orc Burrow
12:06 Watch Tower
12:06 Watch Tower
12:07 Watch Tower
12:08 Watch Tower
12:09 Watch Tower
12:14 Watch Tower
12:15 Watch Tower
12:15 Watch Tower
12:15 Watch Tower
12:16 Watch Tower
12:19 Fortress
15:32 War Mill
15:44 Beastiary
19:27 Great Hall
22:41 Watch Tower
22:41 Watch Tower
22:42 Watch Tower
22:43 Watch Tower
22:43 Watch Tower
22:44 Watch Tower
22:44 Watch Tower
22:44 Watch Tower
27:54 Watch Tower
27:54 Watch Tower
27:55 Watch Tower
27:55 Watch Tower
27:55 Watch Tower
27:56 Watch Tower
27:56 Watch Tower
27:56 Watch Tower
27:57 Watch Tower
27:57 Watch Tower
27:59 Watch Tower
36:29 Great Hall
» items
| Healing Salve | 7 | |
| Staff of Teleportation | 1 | |
| Lesser Clarity Potion | 4 | |
| Scroll of Town Portal | 3 | |
| Potion of Healing | 4 | |
| Potion of Mana | 1 | |
| Orb of Lightning | 1 | |
| Periapt of Vitality | 1 | |
| Orb of Corruption | 1 | |
23 total
team 2 (loser)

»
DayDreamer62 (
teal | 43 APM | 1196 actions | 27:33)
2 Archmage
1 Summon Water Elemental
1 Blizzard
1 Paladin
1 Holy Light
1 Shadow Hunter
1 Healing Wave
» actions
| Assign group hotkey | 16 | |
| Basic commands | 1 | |
| Build / train | 115 | |
| Enter build submenu | 33 | |
| Enter hero's abilities submenu | 4 | |
| Remove unit from queue | 5 | |
| Right click | 498 | |
| Select / deselect | 456 | |
| Select group hotkey | 3 | |
| Use ability | 65 | |
1196 total
» units
| Peasant | 9 | |
| Footman | 11 | |
| Sorceress | 26 | |
| Priest | 5 | |
| Spell Breaker | 7 | |
| Rifleman | 7 | |
| Siege Engine | 8 | |
| Troll Batrider | 8 | |
81 total
» upgrades
| Masonry | 3 | |
| Lumber Harvesting | 2 | |
| Magic Sentry | 1 | |
| Swords | 1 | |
| Plating | 1 | |
| Priest Training | 1 | |
| Sorceress Training | 2 | |
| Long Rifles | 1 | |
| Gunpowder | 2 | |
| Barrage | 1 | |
15 total
» buildings
| Altar of Kings | 1 | |
| Farm | 9 | |
| Barracks | 1 | |
| Scout Tower | 5 | |
| Lumber Mill | 1 | |
| Arcane Tower | 2 | |
| Keep | 1 | |
| Guard Tower | 3 | |
| Arcane Sanctum | 5 | |
| Castle | 1 | |
| Arcane Vault | 1 | |
| Blacksmith | 1 | |
| Town Hall | 1 | |
| Workshop | 3 | |
35 total
» build order
00:08 Altar of Kings
00:11 Farm
00:54 Barracks
01:17 Scout Tower
01:27 Farm
01:49 Farm
02:01 Lumber Mill
02:25 Arcane Tower
03:26 Keep
03:40 Scout Tower
04:09 Arcane Tower
04:18 Farm
04:40 Scout Tower
04:59 Scout Tower
05:03 Farm
05:43 Guard Tower
05:44 Guard Tower
05:48 Farm
05:56 Arcane Sanctum
06:10 Arcane Sanctum
06:57 Castle
09:00 Arcane Sanctum
09:09 Arcane Vault
10:01 Arcane Sanctum
10:45 Arcane Sanctum
10:50 Farm
11:16 Blacksmith
12:28 Farm
13:35 Farm
14:27 Scout Tower
14:55 Castle
15:22 Guard Tower
20:02 Town Hall
23:07 Workshop
23:23 Workshop
23:32 Workshop
» items
Demonhunterrrr2 (
yellow | 111 APM | 2722 actions | 24:31)
5 Blademaster
3 Wind Walk
2 Critical Strike
2 Shadow Hunter
1 Healing Wave
1 Hex
2 Tauren Chieftain
1 Endurance Aura
1 War Stomp
» actions
| Assign group hotkey | 265 | |
| Basic commands | 16 | |
| Build / train | 87 | |
| Enter build submenu | 14 | |
| Enter hero's abilities submenu | 10 | |
| Give item / drop item | 2 | |
| Right click | 1123 | |
| Select / deselect | 312 | |
| Select group hotkey | 713 | |
| Use ability | 180 | |
2722 total
» units
| Peon | 12 | |
| Grunt | 2 | |
| Troll Headhunter/Berserker | 3 | |
| Troll Batrider | 16 | |
| Tauren | 7 | |
40 total
» upgrades
| Berserker Upgrade | 1 | |
| Pulverize | 1 | |
2 total
» buildings
| Altar of Storms | 1 | |
| Orc Burrow | 5 | |
| Barracks | 2 | |
| War Mill | 1 | |
| Voodoo Lounge | 1 | |
| Stronghold | 4 | |
| Beastiary | 2 | |
| Fortress | 2 | |
| Tauren Totem | 1 | |
19 total
» build order
00:22 Altar of Storms
00:37 Orc Burrow
00:52 Barracks
01:09 War Mill
01:51 Orc Burrow
02:18 Barracks
02:49 Voodoo Lounge
03:28 Stronghold
03:28 Stronghold
03:28 Stronghold
04:11 Orc Burrow
06:23 Beastiary
06:51 Fortress
06:51 Fortress
06:54 Beastiary
07:32 Orc Burrow
09:51 Tauren Totem
11:42 Orc Burrow
» items
| Circlet of Nobility | 5 | |
| Scroll of Town Portal | 1 | |
| Healing Salve | 2 | |
| Orb of Lightning | 4 | |
| Potion of Healing | 1 | |
| Tiny Great Hall | 1 | |
14 total
LeisureSuitLary (
red | 52 APM | 2634 actions | 50:17)
5 Demon Hunter
3 Mana Burn
2 Evasion
1 Archmage
1 Blizzard
1 Tauren Chieftain
1 Endurance Aura
» actions
| Assign group hotkey | 24 | |
| Basic commands | 25 | |
| Build / train | 81 | |
| Enter build submenu | 33 | |
| Enter hero's abilities submenu | 7 | |
| Remove unit from queue | 6 | |
| Right click | 1428 | |
| Select / deselect | 430 | |
| Select group hotkey | 548 | |
| Use ability | 52 | |
2634 total
» units
| Wisp | 17 | |
| Chimaera | 14 | |
| Peasant | 8 | |
| Rifleman | 5 | |
44 total
» upgrades
| Strength of the Wild | 3 | |
| Reinforced Hides | 2 | |
| Corrosive Breath | 1 | |
| Well Spring | 1 | |
| Armor | 1 | |
8 total
» buildings
| Altar of Elders | 1 | |
| Moon Well | 9 | |
| Ancient of Wonders | 1 | |
| Tree of Ages | 3 | |
| Hunter's Hall | 1 | |
| Tree of Eternity | 3 | |
| Ancient of Wind | 1 | |
| Ancient Protector | 5 | |
| Chimaera Roost | 3 | |
| Town Hall | 1 | |
| Altar of Kings | 1 | |
| Farm | 5 | |
| Barracks | 2 | |
36 total
» build order
01:15 Altar of Elders
01:21 Moon Well
02:20 Moon Well
02:26 Ancient of Wonders
04:38 Tree of Ages
04:38 Tree of Ages
04:42 Hunter's Hall
05:29 Moon Well
05:32 Moon Well
05:35 Moon Well
06:25 Moon Well
07:08 Tree of Eternity
07:09 Tree of Eternity
07:13 Ancient of Wind
07:22 Moon Well
08:41 Ancient Protector
08:44 Ancient Protector
08:48 Ancient Protector
08:52 Ancient Protector
08:57 Ancient Protector
09:31 Chimaera Roost
09:36 Chimaera Roost
09:42 Chimaera Roost
15:06 Moon Well
15:09 Moon Well
29:06 Town Hall
30:55 Altar of Kings
31:11 Farm
31:24 Farm
31:38 Farm
31:56 Barracks
32:05 Barracks
32:16 Farm
32:46 Farm
» items
Siegebreaker (
blue | 79 APM | 3993 actions | 50:17)
6 Blood Mage
3 Flame Strike
2 Siphon Mana
1 Summon Phoenix
» actions
| Assign group hotkey | 77 | |
| Basic commands | 175 | |
| Build / train | 235 | |
| ESC pressed | 22 | |
| Enter build submenu | 82 | |
| Enter hero's abilities submenu | 6 | |
| Give item / drop item | 1 | |
| Remove unit from queue | 1 | |
| Right click | 1699 | |
| Select / deselect | 762 | |
| Select group hotkey | 725 | |
| Use ability | 208 | |
3993 total
» units
| Peasant | 47 | |
| Footman | 10 | |
| Spell Breaker | 23 | |
| Siege Engine | 9 | |
| Priest | 1 | |
| Mortar Team | 6 | |
96 total
» upgrades
| Masonry | 3 | |
| Lumber Harvesting | 2 | |
| Swords | 4 | |
| Plating | 3 | |
| Barrage | 1 | |
| Magic Sentry | 1 | |
| Gunpowder | 3 | |
| Armor | 3 | |
| Fragmentation Shards | 1 | |
| Flare | 1 | |
| Control Magic | 1 | |
| Spiked Barricades | 1 | |
24 total
» buildings
| Altar of Kings | 3 | |
| Farm | 14 | |
| Barracks | 1 | |
| Arcane Vault | 3 | |
| Town Hall | 5 | |
| Scout Tower | 40 | |
| Arcane Tower | 12 | |
| Lumber Mill | 2 | |
| Keep | 2 | |
| Guard Tower | 46 | |
| Castle | 1 | |
| Arcane Sanctum | 1 | |
| Blacksmith | 1 | |
| Workshop | 1 | |
132 total
» build order
00:04 Altar of Kings
00:05 Altar of Kings
00:08 Altar of Kings
00:14 Farm
00:17 Farm
00:22 Barracks
01:24 Farm
02:11 Farm
03:24 Arcane Vault
03:45 Town Hall
03:47 Scout Tower
03:48 Scout Tower
04:28 Scout Tower
04:57 Arcane Tower
06:48 Scout Tower
07:31 Scout Tower
07:32 Scout Tower
07:35 Town Hall
07:37 Scout Tower
07:39 Scout Tower
07:46 Arcane Tower
08:17 Arcane Tower
09:00 Lumber Mill
09:02 Scout Tower
09:05 Scout Tower
09:13 Keep
09:34 Arcane Tower
09:34 Arcane Tower
10:35 Guard Tower
10:35 Guard Tower
10:39 Guard Tower
11:23 Guard Tower
11:40 Castle
11:46 Scout Tower
11:48 Scout Tower
11:53 Scout Tower
12:19 Guard Tower
12:20 Guard Tower
12:21 Guard Tower
12:21 Guard Tower
12:31 Scout Tower
12:35 Scout Tower
13:11 Guard Tower
13:17 Guard Tower
13:17 Guard Tower
13:17 Guard Tower
13:25 Arcane Vault
13:55 Arcane Sanctum
14:01 Blacksmith
14:06 Scout Tower
14:06 Scout Tower
14:08 Scout Tower
14:34 Guard Tower
14:34 Guard Tower
14:34 Guard Tower
14:35 Guard Tower
14:35 Guard Tower
14:36 Guard Tower
14:36 Guard Tower
15:15 Workshop
15:32 Farm
16:54 Farm
20:23 Arcane Vault
21:13 Farm
21:52 Scout Tower
21:55 Scout Tower
22:00 Farm
22:03 Farm
22:06 Farm
22:11 Farm
22:27 Lumber Mill
23:20 Guard Tower
23:36 Farm
23:38 Farm
25:56 Town Hall
26:33 Farm
26:57 Scout Tower
26:58 Scout Tower
27:00 Scout Tower
27:29 Guard Tower
27:30 Guard Tower
29:22 Guard Tower
29:24 Scout Tower
29:26 Scout Tower
29:28 Scout Tower
32:55 Town Hall
32:59 Scout Tower
33:00 Scout Tower
33:01 Scout Tower
33:03 Scout Tower
34:53 Guard Tower
35:40 Scout Tower
35:41 Scout Tower
35:42 Scout Tower
35:43 Scout Tower
35:43 Scout Tower
36:36 Guard Tower
38:45 Town Hall
40:40 Scout Tower
40:41 Scout Tower
40:43 Scout Tower
40:43 Scout Tower
40:47 Scout Tower
41:10 Guard Tower
41:14 Guard Tower
41:14 Guard Tower
41:26 Guard Tower
41:46 Arcane Tower
41:47 Arcane Tower
41:53 Guard Tower
41:53 Arcane Tower
41:53 Arcane Tower
» items
| Scroll of Regeneration | 5 | |
| Scroll of Town Portal | 7 | |
| Potion of Invisibility | 4 | |
| Lesser Clarity Potion | 4 | |
| Staff of Teleportation | 1 | |
| Boots of Speed | 1 | |
| Potion of Mana | 3 | |
| Potion of Healing | 4 | |
29 total
Chat log
(00:25 / All) LeisureSuitLary: HIGGS BONSON HAS BEEN FOUND NIGGERS
(00:35 / All) Siegebreaker: but has your kickstarter been finished?
(00:43 / All) Siegebreaker: and has larry the midget gotten laid?
(00:50 / All) LeisureSuitLary: BUT WILL IT BLEND?
(01:11 / All) kieraniznoob2: your mum has been found
(01:35 / All) LeisureSuitLary: a mom joke? what is this 1993
(01:47 / All) kieraniznoob2: your face is a plebian
(02:12 / All) LeisureSuitLary: your MOM loves black cock
(02:18 / All) kieraniznoob2: your face is a black cock
(02:29 / All) TheDragonsHoard: red I bet you fantasize about black cock all day long
(02:35 / All) LeisureSuitLary: how did u know
(02:43 / All) TheDragonsHoard: You seem like a twink
(02:48 / All) kieraniznoob2: damn right
(03:04 / All) LeisureSuitLary: I will rape you if i get the chance
(03:13 / All) kieraniznoob2: what a creep
(03:15 / All) TheDragonsHoard: You ain't raping anything, buddy
(03:25 / All) LeisureSuitLary: i raped your dog
(03:39 / All) TheDragonsHoard: I bet you can't even rape the old men you fawn over
(03:48 / All) TheDragonsHoard: soft twink
(03:52 / All) LeisureSuitLary: fawn? u rape deer?
(05:04 / Allies) Siegebreaker: you niggers going to help or should I just leave?
(05:13 / All) kieraniznoob2: owned
(05:14 / Allies) LeisureSuitLary: help the man guys
(05:58 / All) Siegebreaker: We'll see who is fucked in the end, yellow.
(06:10 / Allies) Demonhunterrrr2: what did i do?
(06:19 / Allies) Siegebreaker: I meant purple.
(07:35 / Allies) LeisureSuitLary: help
(07:39 / Allies) LeisureSuitLary: 111
(07:43 / Allies) Demonhunterrrr2: ok
(07:46 / Allies) LeisureSuitLary: tptptptpptptptptp
(07:51 / Allies) Demonhunterrrr2: oh no
(07:52 / Allies) Demonhunterrrr2: tp 4 grunts
(07:58 / Allies) Siegebreaker: tp
(08:25 / Allies) Demonhunterrrr2: i cant help all u guys
(08:45 / All) Siegebreaker: Thanks for the free fiend.
(08:52 / All) Siegebreaker: nice try
(09:08 / Allies) LeisureSuitLary: i need wood bad please
(09:22 / Allies) LeisureSuitLary: i need a lot lol
(09:58 / Allies) Siegebreaker: tp faggots
(10:12 / Allies) Demonhunterrrr2: how come ur still at tier 1
(10:13 / Allies) Demonhunterrrr2: im at tier 32
(10:15 / Allies) Demonhunterrrr2: 3*
(10:18 / Allies) LeisureSuitLary: i need a lot of wood
(10:22 / Allies) Siegebreaker: yeah and so you can't do shit versus pressure
(10:22 / Allies) LeisureSuitLary: or im done
(10:39 / All) kieraniznoob2: aww
(10:49 / Allies) LeisureSuitLary: guys i cant make chims i have no wood
(11:28 / Allies) LeisureSuitLary: i need wood
(11:33 / Allies) Siegebreaker: stfu
(11:41 / Allies) LeisureSuitLary: i have a lot of gold no wood
(11:44 / Allies) Siegebreaker: cool
(11:48 / Allies) LeisureSuitLary: u stfu blue fuck u asshole
(12:00 / Allies) LeisureSuitLary: its just a game cock sucker
(12:02 / Allies) Siegebreaker: he has no towers hit
(12:59 / All) Siegebreaker: maphack?
(13:02 / Allies) LeisureSuitLary: yea
(13:08 / All) LeisureSuitLary: yea
(13:09 / All) Siegebreaker: nice tp
(13:16 / Allies) LeisureSuitLary: pink has mh
(13:27 / All) kieraniznoob2: lol
(13:30 / All) kieraniznoob2: i was fleeing
(13:35 / All) kieraniznoob2: you little fool
(13:43 / All) Siegebreaker: We'll see who gets the last laugh.
(13:47 / All) kieraniznoob2: not everything is about you
(13:51 / All) TheDragonsHoard: lucky
(14:02 / Allies) DayDreamer62: can we git?
(14:06 / All) LeisureSuitLary: pink map hack
(14:17 / All) Demonhunterrrr2: hey thats cheating
(14:50 / All) kieraniznoob2: aww
(14:53 / All) Siegebreaker: sick ward
(17:01 / Allies) Demonhunterrrr2: this game is hard
(17:14 / Allies) Siegebreaker: it is when night elves make pure chim instead of chippo
(17:14 / All) kieraniznoob2: ouch
(17:19 / All) kieraniznoob2: all those chims
(17:21 / Allies) LeisureSuitLary: just like my cock
(17:23 / All) kieraniznoob2: all gone :)
(17:52 / All) LeisureSuitLary: who has map hack that tp was a joke
(18:53 / All) Siegebreaker: lol
(19:00 / All) Siegebreaker: you only shit talking when you're winning
(19:09 / All) kieraniznoob2: i talk shit all the timne
(20:29 / Allies) Siegebreaker: tp or we lose
(20:36 / Allies) Demonhunterrrr2: i thot we already lost
(20:39 / Allies) LeisureSuitLary: coming
(20:43 / All) Siegebreaker: We'll see who gets the last laugh, purple
(22:11 / All) LeisureSuitLary: fucking pink map hack
(22:16 / All) rotten_teeth: lol
(22:20 / All) TheDragonsHoard: he ran into me lawl
(22:22 / All) LeisureSuitLary: BURN IN HELL MAP HACK
(22:24 / All) rotten_teeth: nothing else
(22:32 / All) kieraniznoob2: geez who maphacks a 4v4
(22:34 / All) Siegebreaker: You can all leave now. You lost.
(22:42 / All) kieraniznoob2: byye noobs
(22:48 / All) Siegebreaker: You lost purple. Time to leave.
(22:53 / All) kieraniznoob2: ok
(23:01 / All) Siegebreaker: You'll know it when it happens.
(24:13 / All) TheDragonsHoard: I hate selfish playaers
(24:20 / All) Siegebreaker: nice gold mine
(24:29 / All) Siegebreaker: i told you
(24:30 / All) Demonhunterrrr2: gg
(24:32 / All) Siegebreaker: you'd know it when it happens
(24:33 / All) Siegebreaker: leave
(25:23 / All) Siegebreaker: Like I said
(25:27 / All) Siegebreaker: you only talk when you are winning
(25:33 / All) Siegebreaker: Time for you to leave purple
(25:34 / All) Siegebreaker: so fucking bad
(25:35 / All) kieraniznoob2: okay
(25:38 / All) Siegebreaker: want me to pause so you can find the altqq keys?
(25:39 / All) Siegebreaker: THE
(25:40 / All) Siegebreaker: FUCK
(25:40 / All) Siegebreaker: THE
(25:41 / All) Siegebreaker: FUCK
(25:41 / All) Siegebreaker: OUT
(25:42 / All) Siegebreaker: YOU LOST
(25:43 / All) kieraniznoob2: aww
(25:44 / All) Siegebreaker: SO FUCKING BAD
(25:45 / All) Siegebreaker: OUT SCRUB
(25:59 / All) LeisureSuitLary: L.A. Noire (Xbox 360, 2011L.A. Noire (Xbox 360, 2011)L.A. Noire (Xbox 360, 2011)L.A. Noire (Xbox 360, 2011)
(26:01 / All) LeisureSuitLary: L.A. Noire (Xbox 360, 2011)L.A. Noire (Xbox 360, 2011)L.A. Noire (Xbox 360, 2011)L.A. Noire (Xbox 360, 2011)
(26:14 / All) TheDragonsHoard: Leave purple, you're a selfish player
(26:15 / All) LeisureSuitLary: Transformers Armada Animated Cartoon Game Vinyl Skin Cover #15 for Nintendo DSi
(26:18 / All) LeisureSuitLary: Transformers Armada Animated Cartoon Game Vinyl Skin Cover #15 for Nintendo DSi
(26:21 / All) LeisureSuitLary: Transformers Armada Animated Cartoon Game Vinyl Skin Cover #15 for Nintendo DSi
(26:34 / All) TheDragonsHoard: You sap us of our comraderie
(26:41 / All) TheDragonsHoard: you drain our manly essence
(26:46 / All) kieraniznoob2: sorry i repent
(26:51 / All) kieraniznoob2: i went over the line
(26:53 / All) kieraniznoob2: forgive me
(26:56 / All) LeisureSuitLary: 10 INCH BLACK COCK DEEP IN A BLONDE PUSSY ALL NIGHT WHILE SHE CUMS
(26:59 / All) LeisureSuitLary: 10 INCH BLACK COCK DEEP IN A BLONDE PUSSY ALL NIGHT WHILE SHE CUMS
(27:01 / All) LeisureSuitLary: 10 INCH BLACK COCK DEEP IN A BLONDE PUSSY ALL NIGHT WHILE SHE CUMS
(27:11 / All) Siegebreaker: We give no mercy.
(27:11 / All) kieraniznoob2: when you asked for wood i should have transferred it promptly
(27:13 / All) Siegebreaker: You broke the law.
(27:13 / All) LeisureSuitLary: 10 INCH BLACK COCK DEEP IN A BLONDE PUSSY ALL NIGHT WHILE SHE CUMS
(27:15 / All) LeisureSuitLary: 10 INCH BLACK COCK DEEP IN A BLONDE PUSSY ALL NIGHT WHILE SHE CUMS
(27:15 / All) Siegebreaker: Time for you to die.
(27:16 / All) LeisureSuitLary: 10 INCH BLACK COCK DEEP IN A BLONDE PUSSY ALL NIGHT WHILE SHE CUMS
(27:18 / All) kieraniznoob2: i realize this now
(27:21 / All) LeisureSuitLary: 10 INCH BLACK COCK DEEP IN A BLONDE PUSSY ALL NIGHT WHILE SHE CUMS
(27:23 / All) LeisureSuitLary: 10 INCH BLACK COCK DEEP IN A BLONDE PUSSY ALL NIGHT WHILE SHE CUMS
(27:30 / All) kieraniznoob2: how can i make it up to you?
(27:31 / All) LeisureSuitLary: 10 INCH BLACK COCK DEEP IN A BLONDE PUSSY ALL NIGHT WHILE SHE CUMS
(27:33 / All) LeisureSuitLary: 10 INCH BLACK COCK DEEP IN A BLONDE PUSSY ALL NIGHT WHILE SHE CUMS
(27:34 / All) LeisureSuitLary: 10 INCH BLACK COCK DEEP IN A BLONDE PUSSY ALL NIGHT WHILE SHE CUMS
(27:42 / All) kieraniznoob2: i hope 700 wood is sufficient reparation
(27:56 / All) kieraniznoob2: hey blue
(27:58 / All) kieraniznoob2: are you okay?
(28:00 / All) LeisureSuitLary: 10 INCH BLACK COCK DEEP IN A BLONDE PUSSY ALL NIGHT WHILE SHE CUMS
(28:01 / All) LeisureSuitLary: 10 INCH BLACK COCK DEEP IN A BLONDE PUSSY ALL NIGHT WHILE SHE CUMS
(28:04 / Allies) LeisureSuitLary: 10 INCH BLACK COCK DEEP IN A BLONDE PUSSY ALL NIGHT WHILE SHE C
(28:06 / All) kieraniznoob2: teal's base is being ravaged
(28:07 / All) LeisureSuitLary: 10 INCH BLACK COCK DEEP IN A BLONDE PUSSY ALL NIGHT WHILE SHE CUMS
(28:09 / All) Siegebreaker: You can all leave now.
(28:11 / All) kieraniznoob2: do something!
(28:17 / All) LeisureSuitLary: 10 INCH BLACK COCK DEEP IN A BLONDE PUSSY ALL NIGHT WHILE SHE CUMS
(28:19 / All) LeisureSuitLary: 10 INCH BLACK COCK DEEP IN A BLONDE PUSSY ALL NIGHT WHILE SHE CUMS
(28:21 / All) LeisureSuitLary: 10 INCH BLACK COCK DEEP IN A BLONDE PUSSY ALL NIGHT WHILE SHE CUMS
(28:28 / All) kieraniznoob2: oh dear 5 siege tanks and 3 spellbreakers
(28:31 / All) kieraniznoob2: damn you are badass
(28:36 / All) Siegebreaker: 6
(28:37 / All) LeisureSuitLary: 10 INCH BLACK COCK DEEP IN A BLONDE PUSSY ALL NIGHT WHILE SHE CUMS
(28:39 / All) LeisureSuitLary: 10 INCH BLACK COCK DEEP IN A BLONDE PUSSY ALL NIGHT WHILE SHE CUMS
(28:40 / All) LeisureSuitLary: 10 INCH BLACK COCK DEEP IN A BLONDE PUSSY ALL NIGHT WHILE SHE CUMS
(28:41 / All) kieraniznoob2: my mistake
(28:46 / All) kieraniznoob2: you are even more badass
(28:49 / All) Siegebreaker: have you still not realised, purple?
(29:13 / All) LeisureSuitLary: i got teal
(29:40 / All) TheDragonsHoard: Leave purple you're seriously harshing our esprit de corps
(29:47 / All) LeisureSuitLary: 10 INCH BLACK COCK DEEP IN A BLONDE PUSSY ALL NIGHT WHILE SHE CUMS
(29:48 / All) LeisureSuitLary: 10 INCH BLACK COCK DEEP IN A BLONDE PUSSY ALL NIGHT WHILE SHE CUMS
(29:49 / All) LeisureSuitLary: 10 INCH BLACK COCK DEEP IN A BLONDE PUSSY ALL NIGHT WHILE SHE CUMS
(29:56 / All) kieraniznoob2: awww
(30:02 / All) Siegebreaker: |
(30:06 / All) Siegebreaker: still 4k in my main mine
(30:14 / All) kieraniznoob2: that makes you a winner
(30:16 / All) kieraniznoob2: want a medal?
(30:17 / All) Siegebreaker: fortuna is on my side mi amicus, pedicabo et tu
(30:25 / All) LeisureSuitLary: 10 INCH BLACK COCK DEEP IN A BLONDE PUSSY ALL NIGHT WHILE SHE CUMS
(30:28 / All) LeisureSuitLary: 10 INCH BLACK COCK DEEP IN A BLONDE PUSSY ALL NIGHT WHILE SHE CUMS
(32:00 / All) Siegebreaker: nice try
(32:02 / All) Siegebreaker: sick burrow micro
(32:09 / All) Siegebreaker: You can all leave now.
(32:10 / All) Siegebreaker: I 1v4ed all of you
(32:59 / All) kieraniznoob2: not too sure what pink is doing
(33:06 / All) Siegebreaker: Have you still not realised?
(35:08 / Allies) LeisureSuitLary: give teal gold
(35:51 / Allies) LeisureSuitLary: blue give teal gold i cant get a mine
(37:04 / All) Siegebreaker: How does it feel to be just another victim, purple?
(37:06 / All) TheDragonsHoard: If nayone attacks someone else on my team
(37:11 / All) TheDragonsHoard: I always try to take out the aggressor
(37:19 / All) TheDragonsHoard: or whoever I suspect is a bser
(37:25 / All) TheDragonsHoard: they just let me get away with raping purple
(37:40 / All) Siegebreaker: We really cut it close this game
(37:44 / Allies) LeisureSuitLary: my mine
(37:54 / Allies) LeisureSuitLary: teal give me gold for
(37:55 / All) rotten_teeth: so pink
(37:56 / All) TheDragonsHoard: I had to kill off my 11 bats and just start pumping wyverns
(37:58 / Allies) LeisureSuitLary: give teal gold
(38:09 / Allies) LeisureSuitLary: give teal 450 so i can help
(38:12 / All) rotten_teeth: what is your point?
(38:28 / Allies) LeisureSuitLary: blue give teal gold please
(38:51 / Allies) LeisureSuitLary: GIVE TEAL GOLD
(38:55 / Allies) LeisureSuitLary: U FUCKER
(39:12 / All) Siegebreaker: red trying to stab me with teal lol
(39:51 / All) TheDragonsHoard: green got his hero out and has the 2 wyrms
(40:00 / All) rotten_teeth: no shit??
(40:07 / All) rotten_teeth: really??????
(40:25 / All) Siegebreaker: keep spamming pings Larry
(40:29 / All) Siegebreaker: still won't help your midget ass get laid
(40:52 / All) Siegebreaker: are you living the leisure suit larry games?
(42:01 / All) rotten_teeth: little peace of shit
(43:18 / All) Siegebreaker: Keep spamming, I don't know how to mute anything.
(43:27 / All) Siegebreaker: Surely not under the game options
(43:46 / All) TheDragonsHoard: other than my units
(43:53 / All) TheDragonsHoard: the standoff is complete on my side
(44:04 / All) Siegebreaker: k lemme finish yellow and teal burrows
(44:06 / All) Siegebreaker: then my own stuff
(44:10 / All) Siegebreaker: Should I explain the rukes?
(44:18 / All) TheDragonsHoard: Aye
(44:26 / All) Siegebreaker: Alright everyone here's the plan
(44:29 / All) Siegebreaker: Pink and I are comrades
(44:32 / All) Siegebreaker: We will kill everything
(44:34 / All) Siegebreaker: including our own stuff
(44:38 / All) Siegebreaker: and leave only 2 buildings
(44:41 / All) Siegebreaker: no units or way to kill anything
(44:44 / All) Siegebreaker: Best internet wins
(44:46 / All) Siegebreaker: Sound fair?
(45:42 / All) Siegebreaker: build lumber mills in the middle
(45:52 / All) Siegebreaker: near top mid expo
(46:05 / All) Siegebreaker: oh, no peons?
(46:05 / All) Siegebreaker: damn
(46:40 / All) Siegebreaker: Will all of you be willing to leave your computers on all night for the win?
(46:56 / All) Siegebreaker: Red is still pinging like mad, he doesn't understand that I have the game muted
(47:43 / All) Siegebreaker: my side is almost done, it's just my army
(47:46 / All) Siegebreaker: suiciding it to your base
(48:34 / All) LeisureSuitLary: BLUES A FUCKING IDIOT
(48:40 / All) TheDragonsHoard: breakers are tough
(48:41 / All) LeisureSuitLary: LOL
(48:49 / All) LeisureSuitLary: FUCK IDIDODIIDITITITITITITIT
(48:51 / All) Siegebreaker: you have an equal chance of winning to the enemy
(48:52 / Allies) LeisureSuitLary: 10 INCH BLACK COCK DEEP IN A BLONDE PUSSY ALL NIGHT WHILE SHE CUMS
(48:53 / All) LeisureSuitLary: 10 INCH BLACK COCK DEEP IN A BLONDE PUSSY ALL NIGHT WHILE SHE CUMS
(48:55 / All) LeisureSuitLary: 10 INCH BLACK COCK DEEP IN A BLONDE PUSSY ALL NIGHT WHILE SHE CUMS
(48:56 / All) Siegebreaker: 0 food my team
(48:57 / All) LeisureSuitLary: 10 INCH BLACK COCK DEEP IN A BLONDE PUSSY ALL NIGHT WHILE SHE CUMS
(49:03 / All) LeisureSuitLary: 10 INCH BLACK COCK DEEP IN A BLONDE PUSSY ALL NIGHT WHILE SHE CUMS
(49:04 / All) Siegebreaker: Good luck everyone
(49:09 / All) TheDragonsHoard: do you watch interracial pornography red|
(49:15 / All) LeisureSuitLary: 10 INCH BLACK COCK DEEP IN A BLONDE PUSSY ALL NIGHT WHILE SHE CUMS
(49:17 / All) LeisureSuitLary: 10 INCH BLACK COCK DEEP IN A BLONDE PUSSY ALL NIGHT WHILE SHE CUMS
(49:19 / All) LeisureSuitLary: 10 INCH BLACK COCK DEEP IN A BLONDE PUSSY ALL NIGHT WHILE SHE CUMS
(49:23 / All) Siegebreaker: Everyone has an equal chance of winning, red
(49:25 / All) LeisureSuitLary: 10 INCH BLACK COCK DEEP IN A BLONDE PUSSY ALL NIGHT WHILE SHE CUMS
(49:27 / All) LeisureSuitLary: 10 INCH BLACK COCK DEEP IN A BLONDE PUSSY ALL NIGHT WHILE SHE CUMS
(49:28 / All) LeisureSuitLary: 10 INCH BLACK COCK DEEP IN A BLONDE PUSSY ALL NIGHT WHILE SHE CUMS
(49:32 / All) TheDragonsHoard: Red you watch interracial porn? You soft faggot
(49:34 / All) Siegebreaker: You can leave your computer on all night and get the win
(49:36 / All) LeisureSuitLary: 10 INCH BLACK COCK DEEP IN A BLONDE PUSSY ALL NIGHT WHILE SHE CUMS
(49:38 / All) LeisureSuitLary: 10 INCH BLACK COCK DEEP IN A BLONDE PUSSY ALL NIGHT WHILE SHE CUMS
(49:39 / All) LeisureSuitLary: 10 INCH BLACK COCK DEEP IN A BLONDE PUSSY ALL NIGHT WHILE SHE CUMS
(49:48 / All) LeisureSuitLary: 10 INCH BLACK COCK DEEP IN A BLONDE PUSSY ALL NIGHT WHILE SHE CUMS
(49:51 / All) LeisureSuitLary: 10 INCH BLACK COCK DEEP IN A BLONDE PUSSY ALL NIGHT WHILE SHE CUMS
(49:53 / All) LeisureSuitLary: 10 INCH BLACK COCK DEEP IN A BLONDE PUSSY ALL NIGHT WHILE SHE CUMS
(49:59 / All) LeisureSuitLary: 10 INCH BLACK COCK DEEP IN A BLONDE PUSSY ALL NIGHT WHILE SHE CUMS
(50:00 / All) LeisureSuitLary: 10 INCH BLACK COCK DEEP IN A BLONDE PUSSY ALL NIGHT WHILE SHE CUMS
(50:02 / All) Siegebreaker: LET IT BEGIN, LET IT BEGIN
(50:03 / All) LeisureSuitLary: 10 INCH BLACK COCK DEEP IN A BLONDE PUSSY ALL NIGHT WHILE SHE CUMS
(50:06 / All) LeisureSuitLary: 10 INCH BLACK COCK DEEP IN A BLONDE PUSSY ALL NIGHT WHILE SHE CUMS
(50:08 / All) TheDragonsHoard: Hope you lose, soft faggot, fat degenerate
(50:11 / All) LeisureSuitLary: 10 INCH BLACK COCK DEEP IN A BLONDE PUSSY ALL NIGHT WHILE SHE CUMS
(50:17 / All) LeisureSuitLary: 10 INCH BLACK COCK DEEP IN A BLONDE PUSSY ALL NIGHT WHILE SHE CUMS